 Dungeon Crawl Stone Soup version 0.17.0-23-g0de4337 (webtiles) character file.

158 septik the Twirler (level 5, -10/32 HPs)
             Began as a Gargoyle Gladiator on Nov 14, 2015.
             Killed by divine providence
             ... invoked by an orc priest
              (13 damage)
             ... on level 3 of the Dungeon.
             The game lasted 00:08:00 (3295 turns).

septik the Twirler (Gargoyle Gladiator)             Turns: 3295, Time: 00:08:00

Health: -10/32     AC: 11    Str: 21    XL:     5   Next: 39%
Magic:  5/5        EV: 12    Int:  9    God:
Gold:   109        SH:  0    Dex: 11    Spells: 0 memorised, 4 levels left

rFire  . . .     SeeInvis .     a - +0 quarterstaff
rCold  . . .     Clarity  .     t - +0 ring mail (curse)
rNeg   + . .     SustAt   .     (shield currently unavailable)
rPois  ∞         Gourm    .     c - +0 helmet
rElec  +         Spirit   .     (no cloak)
rCorr  .         Warding  .     s - +0 pair of gloves
rMut   .         Stasis   .     (no boots)
MR     .....                    (no amulet)
Stlth  +.........               (no ring)
                                y - +3 ring of strength

@: not resistant to hostile enchantments, very unstealthy
A: negative energy resistance 1, electricity resistance, unbreathing,
petrification resistance, rot immunity, AC +4
a: no special abilities


You were on level 3 of the Dungeon.
You were hungry.

You visited 1 branch of the dungeon, and saw 4 of its levels.

You collected 109 gold pieces.

Inventory:

Hand Weapons
 a - a +0 quarterstaff (weapon)
Missiles
 d - 2 throwing nets (quivered)
 k - 151 stones
Armour
 b - a +0 leather armour
 c - a +0 helmet (worn)
 s - a +0 pair of gloves (worn)
 t - a cursed +0 ring mail (worn)
Jewellery
 y - a +3 ring of strength (left hand)
Scrolls
 f - a scroll of fear {unknown}
 n - 2 scrolls of amnesia {unknown}
 o - 3 scrolls of recharging {unknown}
 p - a scroll of random uselessness {unknown}
 q - a scroll of blinking {unknown}
 r - 5 scrolls of identify {unknown}
 u - 2 scrolls of remove curse {unknown}
 v - a scroll of enchant armour {unknown}
 w - a scroll of enchant weapon {unknown}
 x - a scroll of fog {unknown}
 B - a scroll of teleportation {unknown}
Potions
 h - a potion of curing {unknown}
 i - a potion of lignification {unknown}
 m - a potion of might {unknown}
 A - a potion of ambrosia {unknown}
Comestibles
 e - 2 bread rations
 g - 3 meat rations
 j - 4 fruits
 l - a beef jerky
 z - 5 chunks of flesh


   Skills:
 + Level 3.1 Fighting
 * Level 4.2 Staves
 - Level 1.7 Throwing
 + Level 2.1 Armour
 + Level 3.2 Dodging


You had 4 spell levels left.
You didn't know any spells.

Dungeon Overview and Level Annotations

Branches:
Dungeon (4/15)
 Temple: D:4-7

Altars:
Fedhas
Vehumet

Annotations:
D:4 Pikel


Innate Abilities, Weirdness & Mutations

You are resistant to torment.
Your stone body is resilient (AC +4).
You are immune to poison.
You resist negative energy.
You are resistant to electric shocks.
You can survive without breathing.
You are immune to petrification.
You are immune to rotting.


Message History

The orc priest invokes the aid of Beogh against you.
Pain shoots through your body!
* * * LOW HITPOINT WARNING * * *
Quiver which item? (- for none, * to show all) (? for menu, Esc to quit)
Quivering
d - 3 throwing nets for throwing.
Throwing (i - inventory. (,) - cycle):
d - 3 throwing nets (quivered)
Press: ? - help, Shift-Dir - straight line, f/p - orc priest
Aim: an orc priest, wielding a club You throw a throwing net.
The throwing net hits the orc priest.
The orc priest is caught in the net!
The orc priest struggles to escape the net.
The orc misses you.
Your ring mail prevents you from hitting the orc priest.
The orc priest struggles against the net.
The orc hits you but does no damage.
You sock the orc priest!
The orc priest is almost dead.
The orc priest calls down the wrath of Beogh upon you.
Something smites you!
You die...

.#####)........
##.#.#
...........####
#.###
..######.######.
##.#
...............
#.##
.######.#######
#... #.# #.##
#####.##### #.
#..)o.?...# #.
#.###@###.# o.
#.# #o# #.
#.##.###?###.##
#.
#.......(.......
#.
####.#######.#..
#.# #.# #.. ###


You could see an orc priest (caught) and an orc.

Vanquished Creatures
  Jessica (D:2)
  3 adders
  An ooze (D:2)
  2 worms (D:3)
  3 giant geckos (D:1)
  5 orcs (D:3)
  A ball python (D:1)
  4 hobgoblins
  7 jackals
  20 kobolds
  10 bats
  3 giant cockroaches
  5 giant newts
  9 goblins
  2 quokkas
  9 rats
  2 bushes (D:1)
87 creatures vanquished.

Vanquished Creatures (others)
  A plant (D:1)
  4 toadstools (D:1)
5 creatures vanquished.

Grand Total: 92 creatures vanquished

Notes
Turn   | Place    | Note
--------------------------------------------------------------
     0 | D:1      | septik the Gargoyle Gladiator began the quest for the Orb.
     0 | D:1      | Reached XP level 1. HP: 12/12 MP: 1/1
   242 | D:1      | Reached XP level 2. HP: 6/18 MP: 2/2
   663 | D:1      | Reached XP level 3. HP: 14/22 MP: 3/3
  1286 | D:2      | Reached skill level 1 in Armour
  1386 | D:2      | You fall through a shaft for 2 floors!
  1434 | D:4      | Noticed an ogre
  1502 | D:4      | Found a radiant altar of Vehumet.
  1509 | D:4      | Noticed a slave
  1510 | D:4      | Noticed Pikel
  1510 | D:4      | Noticed a slave
  1510 | D:4      | Noticed a slave
  1510 | D:4      | Noticed a slave
  2106 | D:2      | Reached XP level 4. HP: 19/27 MP: 4/4
  2248 | D:2      | Noticed Jessica
  2268 | D:2      | Killed Jessica
  2573 | D:2      | Reached skill level 4 in Staves
  2573 | D:2      | Reached XP level 5. HP: 29/32 MP: 5/5
  2933 | D:3      | Found a blossoming altar of Fedhas.
  3295 | D:3      | Killed from afar by an orc priest

Action                   |  1- 3 |  4- 6 || total
-------------------------+-------+-------++-------
Melee: Quarterstaff      |   280 |   156 ||   436
Throw: Stone             |    11 |    16 ||    27
       Throwing net      |     1 |     1 ||     2
  Eat: Chunk             |     4 |     4 ||     8
